 Dungeon Crawl Stone Soup version 0.30-b1-2-g02819fbbbe (webtiles) character file.

Game seed: 11246502876727623376

378620 raph the Phalangite (level 22, -2/194 HPs)
             Began as a Merfolk Gladiator on May 17, 2023.
             Was an Initiate of Gozag.
             Slain by an azure jelly (19 damage)
             ... created by the Royal Jelly
             ... on level 3 of the Pits of Slime on May 18, 2023.
             The game lasted 02:02:12 (77604 turns).

raph the Phalangite (Merfolk Gladiator)            Turns: 77604, Time: 02:02:13

Health: -2/194     AC: 27    Str: 16    XL:     22   Next: 83%
Magic:  22/22      EV: 23    Int: 12    God:    Gozag
Gold:   10224      SH:  5    Dex: 26    Spells: 21/21 levels left

rFire   + . .        b - +8 bardiche (holy)
rCold   + . .        (shield currently unavailable)
rNeg    . . .        B - +15 Maxwell's patent armour {-Cast -Tele rElec Will+ rCorr}
rPois   +            c - +2 helmet
rElec   +            x - +2 cloak {rPois}
rCorr   +            W - +2 pair of gloves {Dex+3}
SInv    .            T - +0 pair of boots
Will    ++...        C - amulet of Prescription {Reflect rElec Dex+3 SH+5} Stlth
                     u - +4 ring of slaying
HPRegen 0.52/turn    o - +5 ring of evasion
MPRegen 0.18/turn

%: no teleportation, no spellcasting, reflection
@: mighty, brilliant, resistant, corroded, hasted, studying Ice Magic,
invisible, very quick
A: (nimble swimmer 2), mertail, clever 1, screaming 1, weak 1
}: 2/15 runes: decaying, gossamer
a: Renounce Religion, Potion Petition, Call Merchant, Bribe Branch


You were on level 3 of the Pits of Slime.
You worshipped Gozag.
Gozag was extremely pleased with you.
You visited 10 branches of the dungeon, and saw 44 of its levels.
You also visited: Sewer, Bailey and Ice Cave.

You collected 21374 gold pieces.
You spent 2999 gold pieces at shops.
You paid 8151 gold pieces to Gozag.

Inventory:

Hand Weapons
 a - the +2 bardiche "Kuwnoq" {elec, rN+}
   (You found it on level 2 of the Elven Halls)

   rN:        It protects you from negative energy.
 b - a +8 bardiche of holy wrath (weapon)
 p - a +0 bardiche
 Q - a +2 trident of venom
Missiles
 d - 5 throwing nets
 e - 7 javelins
 j - 50 poisoned darts
 F - 2 curare-tipped darts
 O - 8 boomerangs (quivered)
Armour
 c - a +2 helmet (worn)
 f - the +10 plate armour "Aperun" {rElec rC+ Will++}
   (You found it on level 4 of the Dungeon)

   rC:        It protects you from cold.
   rElec:     It insulates you from electricity.
   Will:      It greatly increases your willpower.
 x - a +2 cloak of poison resistance (worn)
 B - the +15 Maxwell's patent armour (worn) {-Cast -Tele rElec Will+ rCorr}
   (You found it on level 4 of the Vaults)

   rElec:     It insulates you from electricity.
   -Cast:     It prevents spellcasting.
   -Tele:     It prevents most forms of teleportation.
   rCorr:     It protects you from acid and corrosion.
   Will:      It increases your willpower.
 T - a +0 pair of boots (worn)
 W - a +2 pair of gloves of dexterity (worn)
Jewellery
 o - a +5 ring of evasion (right hand)
 t - a ring of see invisible
 u - a +4 ring of slaying (left hand)
 C - the amulet of Prescription (around neck) {Reflect rElec Dex+3 SH+5}
   (You found it on level 1 of the Spider Nest)

   [amulet of reflection]

   It reflects blocked missile attacks.
   Dex:       It affects your dexterity (+3).
   rElec:     It insulates you from electricity.
   SH:        It affects your SH (+5).
 I - the ring "Vaotenae" {*Corrode rF+ rC+ Str+3 Dex+4}
   (You found it on level 2 of the Spider Nest)

   [ring of protection from fire]

   Str:       It affects your strength (+3).
   Dex:       It affects your dexterity (+4).
   rF:        It protects you from fire.
   rC:        It protects you from cold.
   *Corrode:  It may corrode you when you take damage.
Wands
 y - a wand of roots (14)
 D - a wand of paralysis (45)
 E - a wand of flame (51)
 J - a wand of mindburst (24)
 L - a wand of quicksilver (11)
Scrolls
 i - a scroll of silence
 n - 2 scrolls of butterflies
 s - 6 scrolls of fog
 v - 10 scrolls of magic mapping
 z - 2 scrolls of fear
 N - 10 scrolls of teleportation
 V - 2 scrolls of blinking
 X - 8 scrolls of poison
Potions
 g - 10 potions of brilliance
 l - a potion of curing
 m - 10 potions of ambrosia
 q - a potion of resistance
 r - 7 potions of cancellation
 w - 6 potions of magic
 A - 3 potions of berserk rage
 K - 7 potions of mutation
 M - 4 potions of might
 P - 7 potions of flight
 R - 4 potions of invisibility
Miscellaneous
 h - a lightning rod (2/4)
 k - a condenser vane (inert)
 H - a box of beasts
 Z - a phial of floods


   Skills:
 + Level 21.6 Fighting
 + Level 24.5 Polearms
 + Level 15.0 Throwing
 + Level 13.5 Armour
 + Level 22.0 Dodging
 + Level 11.8 Evocations


You had 21 spell levels left.
You didn't know any spells.
Your spell library contained the following spells:

 Spells                   Type           Power      Damage    Failure   Level
 Freeze                   Ice            0%         1d3       100%        1
 Kiss of Death            Conj/Necr      0%         2d5       100%        1
 Necrotise                Necr           0%         1d4       100%        1
 Slow                     Hex            0%         N/A       100%        1
 Sting                    Tmut/Pois      0%         1d3       100%        1
 Summon Small Mammal      Summ           0%         N/A       100%        1
 Blink                    Tloc           0%         N/A       100%        2
 Cigotuvi's Dreadful Rot  Necr/Pois/Air  0%         N/A       100%        2
 Ensorcelled Hibernation  Hex/Ice        0%         N/A       100%        2
 Lesser Beckoning         Tloc           0%         N/A       100%        2
 Poisonous Vapours        Pois/Air       0%         N/A       100%        2
 Static Discharge         Conj/Air       0%         2-2/arc   100%        2
 Sublimation of Blood     Necr           0%         N/A       100%        2
 Wereblood                Tmut           0%         N/A       100%        2
 Call Canine Familiar     Summ           0%         N/A       100%        3
 Confusing Touch          Hex            0%         N/A       100%        3
 Frozen Ramparts          Ice            0%         1d1       100%        3
 Gell's Gravitas          Tloc           0%         N/A       100%        3
 Hailstorm                Conj/Ice       0%         3d3       100%        3
 Inner Flame              Hex/Fire       0%         N/A       100%        3
 Ozocubu's Armour         Ice            0%         N/A       100%        3
 Spider Form              Tmut/Pois      0%         N/A       100%        3
 Summon Guardian Golem    Hex/Summ       0%         N/A       100%        3
 Teleport Other           Tloc           0%         N/A       100%        3
 Tukima's Dance           Hex            0%         N/A       100%        3
 Vampiric Draining        Necr           0%         2d6       100%        3
 Airstrike                Air            0%         2d(0-16)  100%        4
 Anguish                  Hex/Necr       0%         N/A       100%        4
 Cause Fear               Hex            0%         N/A       100%        4
 Dispel Undead            Necr           0%         3d6       100%        4
 Flame Wave               Conj/Fire      0%         2d4       100%        4
 Fulminant Prism          Conj/Hex       0%         3d5       100%        4
 Ice Form                 Ice/Tmut       0%         N/A       100%        4
 Manifold Assault         Tloc           0%         N/A       100%        4
 Olgreb's Toxic Radiance  Pois           0%         N/A       100%        4
 Passage of Golubria      Tloc           0%         N/A       100%        4
 Sticky Flame             Conj/Fire      0%         2d3       100%        4
 Summon Ice Beast         Ice/Summ       0%         N/A       100%        4
 Summon Lightning Spire   Summ/Air       0%         N/A       100%        4
 Agony                    Necr           0%         N/A       100%        5
 Fireball                 Conj/Fire      0%         3d3       100%        5
 Iskenderun's Battlesphe  Conj           0%         2d6       100%        5
 Metabolic Englaciation   Hex/Ice        0%         N/A       100%        5
 Silence                  Hex/Air        0%         N/A       100%        5
 Yara's Violent Unravell  Hex/Tmut       0%         3d3       100%        5
 Conjure Ball Lightning   Conj/Air       0%         3x3d6     100%        6
 Death Channel            Necr           0%         N/A       100%        6
 Statue Form              Tmut/Erth      0%         N/A       100%        6
 Enfeeble                 Hex            0%         N/A       100%        7
 Orb of Destruction       Conj           0%         9d5       100%        7
 Storm Form               Tmut/Air       0%         N/A       100%        7
 Summon Hydra             Summ           0%         N/A       100%        7
 Lehudib's Crystal Spear  Conj/Erth      0%         10d2      100%        8
 Chain Lightning          Conj/Air       0%         N/A       100%        9
 Fire Storm               Conj/Fire      0%         5d1       100%        9
 Shatter                  Erth           0%         3d5*      100%        9
 Simulacrum               Ice/Necr       Unusable   N/A       N/A         6

Dungeon Overview and Level Annotations

Branches:
Dungeon (15/15)            Temple (1/1) D:4            Lair (5/5) D:8
  Swamp (4/4) Lair:3       Spider (4/4) Lair:2        Slime (5/5) Lair:4
    Orc (2/2) D:9             Elf (3/3) Orc:2        Vaults (4/5) D:14
  Crypt (1/3) Vaults:2     Depths (0/4) D:15          Sewer (visited)
 Bailey (visited)           IceCv (visited)

Altars:
Ashenzari
Cheibriados
Dithmenos
Elyvilon
Fedhas
Gozag
Hepliaklqana
Kikubaaqudgha
Makhleb
Nemelex Xobeh
Okawaru
Qazlal
Ru
Sif Muna
Trog
Uskayaw
Vehumet
Wu Jian
Xom
Yredelemnul
Zin
The Shining One
Jiyva

Shops:
D:5 ?   D:11 *(   D:12 *   Orc:2 !?*=   Elf:3 ::   Vaults:2 =   Vaults:3 (

Portals:
Trove: Vaults:4 (show abyssal rune of Zot)

Annotations:
Vaults:1 Zenata
Vaults:2 exclusion: upstairs


Innate Abilities, Weirdness & Mutations

((You are very nimble when in or above water. (Stealth+, EV+, Speed+++)))
Your lower body shifts to a powerful aquatic tail in water.
Your mind is acute. (Int +4, Str/Dex -1)
You occasionally shout uncontrollably at your foes.
You are weak. (Str -2)


Message History

The acid blob spits acid at you. The splash of acid hits you. You resist.
* * * LOW HITPOINT WARNING * * *
The acid blob completely misses you. The acid blob spits acid at you.
The splash of acid hits you! You resist.
* * * LOW HITPOINT WARNING * * *
The acid corrodes you! The acid blob spits acid at you.
The splash of acid hits you! You resist.
* * * LOW HITPOINT WARNING * * *
There is a stone staircase leading up here.
Okay, then. [a] - 475 gold - haste, heal wounds and brilliance [b] - 105 gold - heal wounds [c] - 357 gold - lignification, might and resistance Purchase which effect?
You feel much better. The acid blob spits acid at you.
The splash of acid hits you! You resist.
* * * LOW HITPOINT WARNING * * *
The acid corrodes you!
The azure jelly hits you but does no damage.
The azure jelly completely misses you. The azure jelly misses you.
The azure jelly hits you.
* * * LOW HITPOINT WARNING * * *
The acid blob spits acid at you. The splash of acid hits you. You resist.
* * * LOW HITPOINT WARNING * * *
You climb upwards.
There is a stone staircase leading down here. [a] - 980 gold - resistance, might, haste, curing and magic [b] - 504 gold - resistance, might and haste [c] - 242 gold - curing and magic Purchase which effect?
You feel better. Magic courses through your body. The azure jelly hits you.
* * * LOW HITPOINT WARNING * * *
The azure jelly freezes you!! You resist.
You die...
Your body crumbles into a pile of gold.

...###..##..# #.#.#.##
....##...##.###..........
.....#.......#...#.#. ...
..............# .... ....
..............##.#.#.....
................##.#.....
##..#....................
.#.......................
###.##..........@......##
###..............J.......
#.......................
###......#...............
.....#..................#
..<.....#................
.......#.................
.....###..............<..
<......#..##............


You could see an azure jelly.

Vanquished Creatures
  the Royal Jelly (Slime:5)
  Dissolution (Slime:2)
  2 deep elf master archers (Elf:3)
  2 deep elf blademasters (Elf:3)
  10 acid blobs
  2 sphinxes (Vaults:3)
  A thorn hunter (Swamp:4)
  A tengu reaver (Vaults:3)
  A fenstrider witch (Swamp:3)
  6 azure jellies
  15 vault wardens
  2 rockslimes
  An iron dragon (Vaults:4)
  Louise (D:15)
  7 emperor scorpions
  9 ghost moths
  7 deep elf sorcerers (Elf:3)
  4 frost giants (IceCv)
  4 deep elf elementalists
  2 broodmothers
  10 ironbound preservers
  A war gargoyle (Vaults:4)
  A stone giant (D:15)
  6 very ugly things (Vaults:2)
  11 ironbound thunderhulks
  6 quicksilver oozes
  A vampire knight (Vaults:2)
  12 dire elephants
  5 deep elf demonologists (Elf:3)
  Azrael (Spider:3)
  4 bunyips
  7 eleionomae
  A white draconian (IceCv)
  8 deep elf annihilators
  A spark wasp (Spider:3)
  A crystal guardian (Vaults:2)
  A fire dragon (D:12)
  3 deep elf death magi (Elf:3)
  A shambling mangrove (Swamp:4)
  8 yaktaur captains
  Josephine (D:9)
  2 deep elf high priests (Elf:3)
  8 entropy weavers
  8 great orbs of eyes
  2 peacekeepers
  5 ice dragons
  21 hydras
  4 vault guards
  Erica (Orc:1)
  7 jorogumos
  7 two-headed ogres
  7 boulder beetles
  22 ironbound frosthearts
  A radroach (Spider:3)
  A death knight (D:14)
  4 centaur warriors (D:13)
  25 dancing weapons
  6 catoblepae
  4 alligators
  An orc high priest (Orc:2)
  2 tengu warriors (D:15)
  Nergalle (D:10)
  6 skeletal warriors
  18 deep elf knights
  2 skysharks (Lair:5)
  A sun moth (Spider:4)
  A fire crab (shapeshifter) (D:15)
  5 pharaoh ants
  30 deep trolls
  5 goliath frogs
  2 glowing orange brains
  8 orb spiders
  A spriggan druid (Swamp:4)
  An orange crystal statue (D:8)
  11 swamp dragons
  17 lindwurms
  6 wizards
  Pikel (D:6)
  A flayed ghost (D:13)
  2 orc knights
  2 bog bodies (Swamp:1)
  15 ironbound convokers
  A phantasmal warrior (Vaults:2)
  16 deep elf archers
  7 steelbarb worms
  A harpy (Vaults:4)
  18 deep elf zephyrmancers
  A harpy (shapeshifter) (D:14)
  3 necromancers
  A fire giant zombie (Vaults:1)
  37 deep elf pyromancers
  33 wolf spiders
  32 ugly things
  3 cyclopes
  2 shining eyes
  A moth of wrath (Spider:3)
  3 manticores
  Maurice (D:9)
  2 eyes of devastation
  4 elephants (Lair:2)
  4 torpor snails
  11 vault sentinels
  A black mamba (Lair:3)
  9 demonic crawlers
  3 gargoyles
  An unseen horror (D:11)
  11 cane toads
  Maggie (D:9)
  13 rime drakes
  8 komodo dragons
  47 yaktaurs
  4 kobold demonologists (D:12)
  4 tengu conjurers
  A freezing wraith (D:14)
  A human skeleton (Vaults:1)
  A komodo dragon (shapeshifter) (Elf:3)
  12 polar bears
  7 trolls
  12 meliai
  A bloated husk (Swamp:3)
  10 hornets
  6 tyrant leeches
  Prince Ribbit (Bailey)
  28 tarantellas
  13 blink frogs
  6 dream sheep
  31 jumping spiders
  A human simulacrum (Vaults:1)
  100 slime creatures
  3 air elementals
  23 culicivoras
  17 spriggans
  9 wraiths
  68 yaks
  A shadow (D:12)
  5 fire elementals
  3 water elementals
  4 wyverns
  3 basilisks
  10 golden eyes
  2 steam dragons
  66 redbacks
  5 humans (Bailey)
  Grum (D:9)
  13 vampire mosquitoes
  A yaktaur simulacrum (Vaults:1)
  15 swamp worms
  4 acid dragons
  14 water moccasins
  Duvessa (D:6)
  A naga (shapeshifter) (D:12)
  9 wargs (Orc:2)
  A hell hound (Spider:3)
  A floating eye (shapeshifter) (Elf:2)
  A floating eye (Lair:4)
  3 ice beasts
  7 black bears
  36 orc warriors
  A sky beast (D:7)
  8 swamp drakes
  12 ogres
  38 wolves
  21 boggarts
  16 centaurs
  3 lemures (D:6)
  A phantom (D:4)
  3 kobold brigands
  3 gnoll sergeants
  22 bullfrogs
  5 earth elementals
  30 scorpions
  12 wights
  Dowan (D:6)
  10 killer bees
  3 electric eels (D:8)
  2 howler monkeys
  The ghost of arta456 the Conjurer, a weakling DECj (D:3)
  10 orc priests
  5 hounds
  5 jellies
  A gnoll bouda (D:6)
  Crazy Yiuf (D:6)
  An iguana (D:6)
  Ijyb (D:5)
  7 hell rats
  23 orc wizards
  Robin (D:3)
  17 gnolls
  13 adders
  9 river rats
  2 white imps
  An ufetubus (D:7)
  4 worms
  3 dart slugs
  64 orcs
  19 ball pythons
  8 endoplasms
  5 giant cockroaches
  15 goblins
  9 hobgoblins
  2 jackals (D:1)
  6 quokkas
  6 bats
  12 frilled lizards
  15 kobolds
  39 rats
  A bush (D:2)
  A butterfly (D:4)
1782 creatures vanquished.

Vanquished Creatures (collateral kills)
  An ironbound preserver (Vaults:4)
1 creature vanquished.

Vanquished Creatures (others)
  A deep elf knight (Elf:2)
  A deep elf zephyrmancer (Elf:2)
  A wizard (Vaults:4)
  A moth of wrath (Spider:1)
  A tarantella (Spider:2)
  4 bloated husks
  A culicivora (Spider:1)
  2 swamp drakes
  A boggart (Elf:1)
  A centaur (Orc:2)
  A killer bee (D:9)
  An orc wizard (Orc:2)
  2 ball lightnings (Elf:3)
  4 bushes (Lair:5)
  45 fungi
  48 plants
115 creatures vanquished.

Grand Total: 1898 creatures vanquished

Notes
Turn   | Place    | Note
-------+----------+-------------------------------------------
     0 | D:1      | raph the Merfolk Gladiator began the quest for the Orb.
     0 | D:1      | Reached XP level 1. HP: 16/16 MP: 1/1
   355 | D:1      | Reached XP level 2. HP: 15/22 MP: 2/2
   406 | D:1      | Reached skill level 5 in Polearms
   565 | D:1      | Reached XP level 3. HP: 27/27 MP: 3/3
  1464 | D:2      | Reached skill level 6 in Polearms
  1796 | D:2      | Reached XP level 4. HP: 28/33 MP: 4/4
  2774 | D:3      | Noticed Robin
  2782 | D:3      | Killed Robin
  2789 | D:3      | Reached skill level 7 in Polearms
  2897 | D:3      | Found a runed translucent gate.
  2897 | D:3      | Noticed arta456's ghost (weakling DECj)
  2898 | D:3      | Found a runed translucent gate.
  2898 | D:3      | Found a runed translucent gate.
  2935 | D:3      | Found a white marble altar of Elyvilon.
  3074 | D:3      | Reached XP level 5. HP: 38/38 MP: 5/5
  3076 | D:3      | Identified the +9 rapier of Gidycoh {venom, Dex+2 Stlth+}
  3321 | D:4      | Identified the +10 plate armour "Aperun" {rElec rC+ Will++}
  3393 | D:4      | Reached skill level 8 in Polearms
  3672 | D:4      | Found a staircase to the Ecumenical Temple.
  3694 | Temple   | Entered the Ecumenical Temple
  3701 | Temple   | Became a worshipper of Gozag Ym Sagoz the Greedy
  3724 | D:4      | Reached XP level 6. HP: 40/44 MP: 6/6
  3763 | D:4      | Found a bloodstained altar of Trog.
  3830 | D:4      | Reached skill level 9 in Polearms
  3847 | D:4      | Found a glowing drain.
  3854 | Sewer    | Entered a sewer
  4473 | Sewer    | Reached skill level 10 in Polearms
  4473 | Sewer    | Reached XP level 7. HP: 42/50 MP: 7/7
  4849 | D:4      | Reached skill level 11 in Polearms
  4894 | D:4      | Found a runed translucent door.
  4894 | D:4      | Noticed a human
  4895 | D:4      | Found a basalt altar of Yredelemnul.
  5117 | D:5      | Entered Level 5 of the Dungeon
  5194 | D:5      | Reached skill level 12 in Polearms
  5194 | D:5      | Reached XP level 8. HP: 54/56 MP: 8/8
  5366 | D:5      | Noticed Ijyb
  5378 | D:5      | Killed Ijyb
  5427 | D:5      | Found Koukkas's Magic Scroll Shop.
  5435 | D:5      | Bought a scroll of enchant armour for 105 gold pieces
  5435 | D:5      | Bought a scroll of poison for 56 gold pieces
  5621 | D:5      | Reached skill level 1 in Armour
  5731 | D:5      | Found a shimmering blue altar of Sif Muna.
  6095 | D:6      | Noticed Duvessa
  6095 | D:6      | Noticed Dowan
  6286 | D:6      | Reached skill level 5 in Dodging
  6595 | D:6      | Reached skill level 5 in Fighting
  6595 | D:6      | Reached XP level 9. HP: 68/68 MP: 9/9
  6681 | D:6      | Found a runed translucent door.
  6681 | D:6      | Noticed Crazy Yiuf
  6690 | D:6      | Killed Crazy Yiuf
  6897 | D:6      | Killed Duvessa
  6899 | D:6      | Killed Dowan
  6942 | D:6      | Reached skill level 13 in Polearms
  7363 | D:7      | Noticed Pikel
  7488 | D:6      | Killed Pikel
  7523 | D:7      | You fall into a shaft and drop 1 floor!
  7532 | D:8      | Found Qittiopi's Magic Scroll Boutique.
  8016 | D:8      | Reached XP level 10. HP: 79/79 MP: 10/10
  8291 | D:8      | Noticed an orange crystal statue
  8510 | D:8      | Reached skill level 14 in Polearms
  8930 | D:8      | Found a staircase to the Lair.
  9232 | Lair:1   | Entered Level 1 of the Lair of Beasts
  9542 | Lair:1   | Noticed a cane toad
  9567 | D:8      | Killed a cane toad
  9568 | D:8      | Reached XP level 11. HP: 42/90 MP: 11/11
  9736 | Lair:1   | Reached skill level 10 in Fighting
 11186 | D:8      | Reached skill level 5 in Armour
 11867 | Lair:1   | Reached skill level 15 in Polearms
 11910 | Lair:2   | You fall into a shaft and drop 2 floors!
 11939 | Lair:3   | Reached skill level 10 in Dodging
 12684 | Lair:2   | Reached XP level 12. HP: 67/100 MP: 12/12
 12686 | Lair:2   | Noticed a catoblepas
 12724 | Lair:2   | Killed a catoblepas
 13268 | Lair:2   | Noticed a four-headed hydra
 13282 | Lair:2   | Killed a four-headed hydra
 13424 | Lair:2   | Reached skill level 5 in Throwing
 13470 | Lair:2   | Noticed a four-headed hydra
 13490 | Lair:2   | Killed a four-headed hydra
 13701 | Lair:2   | Found a hole to the Spider Nest.
 14255 | Lair:3   | Found a staircase to the Swamp.
 15044 | Lair:4   | Reached skill level 16 in Polearms
 15198 | Lair:4   | Reached XP level 13. HP: 96/111 MP: 13/13
 15568 | Lair:4   | Paralysed by a floating eye for 2 turns
 16113 | Lair:4   | Found a staircase to the Slime Pits.
 16113 | Lair:4   | Found a viscous altar of Jiyva.
 16385 | Lair:5   | Entered Level 5 of the Lair of Beasts
 18453 | Lair:5   | Reached skill level 15 in Fighting
 18453 | Lair:5   | Reached XP level 14. HP: 103/123 MP: 14/14
 18752 | Lair:5   | Paralysed by a hornet for 2 turns
 20137 | D:9      | Found a staircase to the Orcish Mines.
 20324 | D:9      | Noticed Maggie
 20332 | D:9      | Killed Maggie
 20465 | D:9      | Noticed Grum
 20482 | D:9      | Killed Grum
 20696 | D:9      | Noticed Maurice
 20722 | D:9      | Killed Maurice
 20751 | D:9      | Found a blossoming altar of Fedhas.
 20821 | D:9      | Reached skill level 1 in Evocations
 20981 | D:9      | Found a radiant altar of Vehumet.
 21154 | D:10     | Entered Level 10 of the Dungeon
 21163 | D:10     | Found a hide-covered altar of Uskayaw.
 21226 | D:10     | Found a flagged portal.
 21260 | Bailey   | Entered a bailey
 21475 | Bailey   | Noticed Prince Ribbit
 21485 | Bailey   | Killed Prince Ribbit
 21965 | D:10     | Noticed Nergalle
 21996 | D:10     | Killed Nergalle
 22383 | Orc:1    | Entered Level 1 of the Orcish Mines
 22550 | Orc:1    | Noticed Josephine
 22598 | D:9      | Killed Josephine
 23398 | Orc:1    | Noticed Erica
 23407 | Orc:1    | Killed Erica
 23751 | Orc:2    | Entered Level 2 of the Orcish Mines
 25053 | Orc:2    | Found a radiant altar of Vehumet.
 25449 | Orc:2    | Found Huckatreodd's Assorted Antiques.
 25449 | Orc:2    | Found Uddua's Magic Scroll Emporium.
 25449 | Orc:2    | Found Xutelaat's Distillery.
 25452 | Orc:2    | Found Cacaprea's Jewellery Boutique.
 25458 | Orc:2    | Bought an amulet of the acrobat for 480 gold pieces
 25465 | Orc:2    | Bought a scroll of blinking for 217 gold pieces
 25465 | Orc:2    | Bought a sapphire ring for 145 gold pieces
 25465 | Orc:2    | Bought 2 ruby potions for 52 gold pieces
 25465 | Orc:2    | Bought a scroll of poison for 116 gold pieces
 25466 | Orc:2    | Bought a scroll of enchant armour for 90 gold pieces
 25466 | Orc:2    | Bought a scroll of teleportation for 36 gold pieces
 25466 | Orc:2    | Bought a scroll of poison for 48 gold pieces
 25466 | Orc:2    | Bought a scroll of fog for 48 gold pieces
 25468 | Orc:2    | Bought a potion of curing for 39 gold pieces
 25468 | Orc:2    | Bought a potion of might for 52 gold pieces
 25468 | Orc:2    | Bought a potion of heal wounds for 65 gold pieces
 25468 | Orc:2    | Bought a potion of cancellation for 104 gold pieces
 25468 | Orc:2    | Bought a potion of cancellation for 104 gold pieces
 25568 | Orc:2    | Found a staircase to the Elven Halls.
 26410 | D:11     | Reached XP level 15. HP: 127/132 MP: 15/15
 26422 | D:11     | Bought a scroll of magic mapping for 270 gold pieces
 26422 | D:11     | Bought a scroll of identify for 72 gold pieces
 27478 | D:12     | Identified the +6 short sword of the Jester {antimagic,
                  | rPois rCorr Dex+6 Stlth-}
 28609 | D:12     | Found Jirghut's Assorted Antiques.
 28620 | D:12     | Bought a pair of gloves for 135 gold pieces
 28620 | D:12     | Bought a potion of invisibility for 240 gold pieces
 30481 | D:13     | Identified the +5 lajatang "Urybene" {venom, rElec rN+++
                  | Str-4 SInv}
 31158 | D:14     | Found a stormy altar of Qazlal.
 31215 | D:14     | Reached skill level 17 in Polearms
 31215 | D:14     | Reached skill level 15 in Dodging
 31534 | D:14     | Reached skill level 5 in Evocations
 32482 | D:14     | Found a gate to the Vaults.
 32494 | D:14     | Reached skill level 10 in Throwing
 33092 | D:15     | Entered Level 15 of the Dungeon
 33177 | D:15     | Reached XP level 16. HP: 137/141 MP: 16/16
 33210 | D:15     | Found a frozen archway.
 33243 | IceCv    | Entered an ice cave
 34133 | IceCv    | Reached skill level 18 in Polearms
 36318 | D:15     | Noticed Louise
 36339 | D:15     | Killed Louise
 36638 | D:15     | Found a staircase to the Depths.
 36983 | Swamp:1  | Entered Level 1 of the Swamp
 38835 | Swamp:2  | Reached skill level 19 in Polearms
 38952 | Swamp:2  | Reached XP level 17. HP: 149/149 MP: 17/17
 40249 | Swamp:4  | Entered Level 4 of the Swamp
 41520 | Swamp:4  | Got a decaying rune of Zot
 42023 | Spider:1 | Entered Level 1 of the Spider Nest
 42658 | Spider:1 | Reached skill level 20 in Polearms
 42914 | Spider:1 | Identified the amulet of Prescription {Reflect rElec Dex+3
                  | SH+5}
 42966 | Spider:1 | Reached skill level 10 in Armour
 46107 | Spider:2 | Reached XP level 18. HP: 157/157 MP: 18/18
 49459 | Spider:2 | Identified the ring "Vaotenae" {*Corrode rF+ rC+ Str+3
                  | Dex+4}
 49486 | Spider:2 | Identified the +5 dagger of the Unbearable God {protect,
                  | rN+ Str+3}
 50037 | Spider:3 | Reached skill level 21 in Polearms
 51410 | Spider:3 | Noticed Azrael
 51435 | Spider:3 | Killed Azrael
 52077 | Vaults:1 | Entered Level 1 of the Vaults
 53192 | Vaults:1 | Found Nuokhlor's Antique Weapon Boutique.
 53354 | Vaults:1 | Reached XP level 19. HP: 161/165 MP: 19/19
 53692 | Vaults:1 | Identified a scroll of acquirement
 53692 | Vaults:1 | Acquired 698 gold pieces
 53719 | Vaults:1 | Noticed Zenata
 54004 | Vaults:1 | Reached skill level 22 in Polearms
 54503 | Vaults:1 | Reached skill level 10 in Evocations
 56087 | Vaults:2 | HP: 1/167 [deep troll[an ironbound preserver] (11)]
 57192 | Vaults:2 | Reached skill level 23 in Polearms
 57544 | Vaults:2 | Found a staircase to the Crypt.
 57868 | Vaults:2 | Found Gotych's Jewellery Boutique.
 58118 | Crypt:1  | Entered Level 1 of the Crypt
 58647 | Vaults:3 | Reached XP level 20. HP: 156/174 MP: 20/20
 58993 | Vaults:3 | Found Pohaj's Antique Weapon Shop.
 59871 | Vaults:4 | Found a portal to a secret trove of treasure.
 60437 | Vaults:4 | Found the +15 Maxwell's patent armour {-Cast -Tele rElec
                  | Will+ rCorr}
 60867 | Vaults:4 | Reached skill level 24 in Polearms
 62850 | Elf:1    | Entered Level 1 of the Elven Halls
 63388 | Elf:1    | Reached XP level 21. HP: 166/183 MP: 21/21
 64364 | Elf:2    | Found a huge runed translucent gate.
 64364 | Elf:2    | Found a huge runed translucent gate.
 64364 | Elf:2    | Found a huge runed translucent gate.
 64364 | Elf:2    | Found a huge runed translucent gate.
 64370 | Elf:2    | Found a huge runed translucent gate.
 64370 | Elf:2    | Identified the +2 bardiche "Kuwnoq" {elec, rN+}
 65781 | Elf:2    | HP: 7/184 [+0 heavy scimitar (10)]
 66361 | Elf:3    | Entered Level 3 of the Elven Halls
 67514 | Elf:3    | Found Sesioh's Book Shoppe.
 67520 | Elf:3    | Found Neguvuzu's Book Boutique.
 68010 | Elf:3    | Identified the +1 leather armour of Philately {Fly rN+++
                  | rCorr Int+4}
 68061 | Elf:3    | Identified the ring "Woheqats" {rPois rCorr MP+9 Str-4
                  | Int+6}
 68066 | Elf:3    | Identified the +0 plate armour of Geegojat {Regen+}
 68546 | Elf:3    | Identified the +7 spear of Defilement {venom, Str+2 Int+3
                  | Dex-4 SInv}
 68919 | Elf:3    | Identified the +0 pair of boots "Igeoreiwk" {rElec Int+2}
 68926 | Elf:3    | Got Sif Muna's Spellbook of the Mob and Damage
 69006 | Elf:3    | Reached XP level 22. HP: 44/193 MP: 22/22
 69300 | Elf:3    | Got the Grimoire of the Undead Shapeshifter
 69325 | Elf:3    | Identified the +2 dagger of the Spider Nest {freeze, rN+}
 69353 | Elf:3    | Identified the staff of cold "Wuibewel" {rElec rC+ Dex+3}
 69402 | Elf:3    | Acquired 979 gold pieces
 70036 | D:5      | Bought 3 scrolls of magic mapping for 315 gold pieces
 70036 | D:5      | Bought a scroll of enchant weapon for 105 gold pieces
 70036 | D:5      | Bought a scroll of magic mapping for 105 gold pieces
 70098 | D:3      | Killed arta456's ghost
 70584 | Spider:4 | Entered Level 4 of the Spider Nest
 72868 | Spider:4 | Identified the -1 pair of boots of Beogh's Hatred {rC+++
                  | rCorr Int-2 Dex-5}
 72870 | Spider:4 | Got a gossamer rune of Zot
 72871 | Spider:4 | Identified the +1 hat "Cioguej" {rC+}
 73899 | Slime:1  | Entered Level 1 of the Pits of Slime
 74109 | Slime:2  | Gained mutation: You are occasionally teleported next to
                  | monsters. [a shining eye]
 74179 | Slime:1  | Gained mutation: You do not regenerate when monsters are
                  | visible. [a shining eye]
 74360 | Slime:1  | Lost mutation: You are occasionally teleported next to
                  | monsters. [potion of mutation]
 74360 | Slime:1  | Lost mutation: You do not regenerate when monsters are
                  | visible. [potion of mutation]
 74360 | Slime:1  | Gained mutation: You occasionally shout uncontrollably at
                  | your foes. [potion of mutation]
 74360 | Slime:1  | Gained mutation: You are weak. (Str -2) [potion of
                  | mutation]
 74401 | Slime:2  | Gained mutation: Your mind is acute. (Int +4, Str/Dex -1)
                  | [a shining eye]
 74421 | Slime:3  | Noticed Dissolution
 74434 | Slime:2  | Killed Dissolution
 75073 | Slime:5  | Entered Level 5 of the Pits of Slime
 77548 | Slime:5  | Noticed the Royal Jelly
 77571 | Slime:5  | Killed the Royal Jelly
 77572 | Slime:5  | Reached skill level 15 in Throwing
 77600 | Slime:4  | HP: 6/194 [acid blob/splash of acid[the Royal Jelly] (9)]
 77604 | Slime:3  | Slain by an azure jelly

Illustrated notes

Levels and vault maps discovered:
D:1:      lemuel_arrival_cross, layout_basic, minivault_14
D:2:      layout_basic, serial_forest, infiniplex_forest_straight_2,
          infiniplex_forest_straight_2, infiniplex_forest_end_2,
          infiniplex_forest_join, infiniplex_forest_clump_small,
          infiniplex_forest_end_2, infiniplex_forest_clump_diagonal,
          minmay_heptomino_l4
D:3:      layout_rooms, mainiacjoe_overflow_six_doors_small,
          ebering_ghost_rock_garden, uniq_robin
D:4:      layout_rooms, dk_yredelemnul_ordeal, lightli_temple_of_fire,
          minmay_temple_entry_butterflies, lightli_sewer_entry_pipes,
          dk_noncrumbling_3
D:5:      layout_cave_pods, mainiacjoe_overflow_tiny_flanked, serial_shops,
          nicolae_shop_advertising_works [nicolae_subvault_shop_adworks],
          uniq_ijyb
D:6:      layout_cave_pools, uniq_crazy_yiuf_cottage, uniq_duvessa
D:7:      layout_rooms, uniq_pikel
D:8:      statuecave_lemuel, layout_loops_ring, lair_entry_dummy, serial_shops,
          shop
D:9:      layout_grid_maze, mainiacjoe_overflow_concentric_impassable,
          kennysheep_mini, orc_0_dummy, hangedman_corner_corridor, uniq_maggie,
          uniq_maurice, uniq_grum
D:10:     layout_roguey, nicolae_uskayaw_dance_hall, enter_bailey_2,
          uniq_nergalle
D:11:     layout_basic
D:12:     layout_cross, serial_shops, nicolae_diamond_shop
D:13:     layout_small_grid, minivault_28
D:14:     layout_long_grid, david_vaults_1, nicolae_qazlal_style_of_elements
D:15:     grunt_enter_depths_snipers, layout_long_grid, gauntlet_entry_generic,
          portal_ice_cave_entry_dragon, uniq_louise
Temple:   nicolae_temple_no_exploring_needed
Lair:1:   layout_gridlike, serial_bayou_shore_a, grunt_megastairs_5
Lair:2:   layout_regular_city, spider_nest_entry_funnel_web, grunt_megastairs_3,
          lemuel_fruit_fields
Lair:3:   layout_small_grid, swamp_mist_pool, nicolae_volcano_entry_vermiform,
          beast_lair_carwin_3
Lair:4:   layout_misc_corridors, minmay_slime_entry_eyes
Lair:5:   minmay_lair_end_enchanted_forest, layout_small_grid
Swamp:1:  layout_basic_swamp, evilmike_swamp_ruin_rubble_1
Swamp:2:  nicolae_swamp_long_stream, layout_basic_swamp,
          infiniplex_staircase_pool
Swamp:3:  layout_basic_swamp, evilmike_swamp_ruin_wall, swamp_pool5
Swamp:4:  swamp, layout_basic_swamp
Spider:1: layout_spider_delve, nicolae_spider_world_wide_web
Spider:2: spiders_nest_a
Spider:3: layout_spider_delve, uniq_azrael
Spider:4: grunt_spider_rune_parallel
Slime:1:  cheibrodos_slime_lost_civilization_9, layout_caves
Slime:2:  layout_caves
Slime:3:  layout_caves, dissolution_awaits
Slime:4:  cheibrodos_slime_lost_civilization_10, layout_caves
Slime:5
Orc:1:    layout_diamond_mine, basic_altar, nicolae_orc_lava_tube, uniq_erica,
          uniq_josephine
Orc:2:    st_orc_rangers, layout_caves, basic_altar, mines5_lemuel
Elf:1:    eino_elf_arrival_customs, layout_loops_ring, hangedman_elf_disciples
Elf:2:    elven_hall_of_blades_hangedman_alternative
          [mumra_blade_entry_bloodbath], layout_geoelf_diagonals, minivault_19,
          lemuel_flame_loot_1
Elf:3:    elf_hall_gauntlet_narrow, layout_loops_corners, serial_shops,
          shop_fountains, nicolae_shop_tiny_statue_garden, serial_aquarium,
          aquarium_bridge_square [aquarium_subvault_bridge,
          aquarium_subvault_bridge, aquarium_subvault_wall,
          aquarium_subvault_window], aquarium_window_fake, aquarium_window_1,
          aquarium_window_1, aquarium_window_fake, aquarium_view_2f,
          aquarium_pool_2
Vaults:1: vaults_room_boxed, hangedman_vaults_stretched_pinwheel,
          v_alt_pattern_2, v_misc_10, nicolae_vaults_border_crossing,
          hangedman_vaults_corner_blocks, grunt_vaults_diagonal,
          nicolae_vaults_closet_pinwheel_4, layout_vaults_quadrants,
          serial_shops, nicolae_shop_tiny_glass, uniq_zenata
Vaults:2: nicolae_vaults_big_angled_halls, dpeg_vaults_monster_box,
          minmay_crypt_entry_simple_round, vaults_room_large_hall,
          nicolae_vaults_tangram_2, hangedman_vaults_restitches,
          vaults_dpeg_hooks, v_misc_14, v_misc_23,
          nicolae_vaults_mini_display_case, nicolae_vaults_surprise_closet,
          vaults_room_corners, nicolae_vaults_trapezoid_1,
          grunt_vaults_hallway_long, nicolae_vaults_diamond_1,
          layout_vaults_big_cross, serial_shops, nicolae_shop_waterfront
Vaults:3: ontoclasm_vaults_pinch, nicolae_vaults_rhombus_7, v_alt_pattern_3,
          v_alt_pattern_2, hangedman_vaults_nails, nicolae_vaults_house_3,
          v_misc_17, nicolae_vaults_trapezoid_lopsided_3,
          grunt_vaults_hallway_short, nicolae_vaults_storage_closets_3,
          nicolae_vaults_double_plus_2, layout_vaults_big_room, serial_shops,
          nicolae_shop_hallway_plus
Vaults:4: nicolae_vaults_asterisk, nicolae_vaults_shock_wave,
          nicolae_vaults_heist, vaults_room_ringed_pool,
          nicolae_vaults_trapezoid_lopsided_2, nicolae_vaults_closet_pinwheel_5,
          vaults_room_grid, v_misc_29, vaults_mumra_minichess_inversion,
          vaults_mumra_minichess, vaults_room_door_hall,
          nicolae_vaults_circle_grid_a, ontoclasm_vaults_twist,
          layout_vaults_omnibox, enter_trove_1
Crypt:1:  layout_gridlike, basic_altar, grunt_megastairs_2,
          grunt_crypt_arrival_split, lemuel_upstairs_altar

Skill      XL: |  1  2  3  4  5  6  7  8  9 10 11 12 13 14 15 16 17 18 19 20 21 22 |
---------------+-------------------------------------------------------------------+-----
Polearms       | 5 6 7 8 10 12 13 14 15 16 17 19 20 21 23 24 | 24.5
Fighting       | 5 7 9 11 13 15 16 17 18 19 20 21 | 21.6
Armour         | 1 3 4 5 6 7 8 9 10 11 12 13 | 13.5
Dodging        | 5 7 9 10 11 13 14 15 16 17 18 19 20 21 22 | 22.0
Throwing       | 4 6 7 9 10 11 13 14 15 | 15.0
Evocations     | 3 5 7 8 9 10 11 | 11.8

Action                     |  1- 3 |  4- 6 |  7- 9 | 10-12 | 13-15 | 16-18 | 19-21 | 22-24 || total
---------------------------+-------+-------+-------+-------+-------+-------+-------+-------++-------
  Melee: Trident           |    94 |       |       |    17 |    24 |   156 |       |       ||   291
         Punch             |     1 |       |       |       |       |     5 |       |       ||     6
         Halberd           |    31 |   318 |   316 |   691 |  1063 |       |       |       ||  2419
         Tailslap          |       |    10 |     2 |       |     8 |    60 |     8 |       ||    88
         Glaive            |       |       |       |       |   730 |  1033 |       |       ||  1763
         Bardiche          |       |       |       |       |       |   926 |  1765 |   570 ||  3261
  Throw: Dart              |       |       |    19 |     1 |       |       |       |       ||    20
         Throwing net      |       |       |     4 |     1 |       |       |       |       ||     5
         Boomerang         |       |       |       |    18 |    46 |    42 |    82 |    73 ||   261
 Invoke: Potion Petition   |       |       |       |       |     1 |     5 |     4 |     6 ||    16
         Call Merchant     |       |       |       |       |     2 |       |       |       ||     2
  Evoke: Wand              |       |       |       |     2 |     2 |     3 |     5 |     1 ||    13
         Phial of floods   |       |       |       |       |       |     2 |       |       ||     2
         Box of beasts     |       |       |       |       |       |       |     1 |       ||     1
         Lightning rod     |       |       |       |       |       |       |       |     3 ||     3
         Condenser vane    |       |       |       |       |       |       |       |     2 ||     2
    Use: Scroll            |       |    12 |     9 |     9 |    12 |    16 |     3 |     6 ||    67
         Potion            |       |       |     4 |     4 |     7 |    14 |     5 |     4 ||    38
   Stab: Sleeping          |     9 |     1 |       |       |       |     1 |       |       ||    11
         Distracted        |       |     1 |     1 |     5 |    13 |    10 |    13 |     2 ||    45
         Held in net/web   |       |       |     2 |       |       |       |       |       ||     2
         Invisible         |       |       |       |     7 |     3 |    12 |       |       ||    22
         Petrified         |       |       |       |     2 |       |       |       |       ||     2
 Armour: Leather armour    |    21 |    11 |       |       |       |       |       |       ||    32
         Plate armour      |       |   118 |   194 |   401 |  1156 |  1506 |   572 |   394 ||  4341
  Dodge: Dodged            |    62 |    77 |    69 |   244 |  1224 |  1978 |  1014 |   624 ||  5292
  Block: Other             |       |       |       |       |       |   292 |   236 |   146 ||   674
         Reflection        |       |       |       |       |       |     3 |    28 |       ||    31
